 Dungeon Crawl Stone Soup version 0.32-a0-433-g08bcfe7efd (webtiles) character file.

Game seed: 8606543859283058278

1025 lunkers the Cutter (level 8, 0/60 HPs)
             Began as a Coglin Brigand on Feb 21, 2024.
             Was a Follower of Ashenzari.
             Slain by a gnoll
             ... wielding a +0 spear
              (5 damage)
             ... on level 5 of the Dungeon on Feb 23, 2024.
             The game lasted 00:06:40 (4810 turns).

lunkers the Cutter (Coglin Brigand)                 Turns: 4810, Time: 00:06:40

Health: 0/60       AC:  6    Str: 13    XL:     8   Next: 23%
Magic:  8/8        EV: 12    Int: 10    God:    Ashenzari [*.....]
Gold:   176        SH:  0    Dex: 17    Spells: 7/7 levels left

rFire   . . .        a - +3 dagger {Fatehjeet}
rCold   . . .        j - +1 dagger (venom) {Audrea}
rNeg    . . .        k - +0 ring mail
rPois   .            (no helmet)
rElec   .            c - +0 cloak of Supernal Understanding {Melee, Range} (curse)
rCorr   .            (no gloves)
SInv    .            (no boots)
Will    +....        (no amulet)
Stlth   ++           h - ring of Desmomancy {Will+, Dev, Range} (curse)
HPRegen 0.30/turn    (no ring)
MPRegen 0.11/turn

%: no passive effects
@: immotile, revved
A: off-hand wielding, slow wielding, warmup strikes, legs shutdown
a: Renounce Religion, Shatter the Chains


You were on level 5 of the Dungeon.
You worshipped Ashenzari.
Ashenzari was aware of your devotion.
You visited 1 branch of the dungeon, and saw 5 of its levels.

You collected 176 gold pieces.

Inventory:

Hand Weapons
 a - a +3 dagger (weapon) {Fatehjeet}
 j - a +1 dagger of venom (offhand) {Audrea}
 n - a +3 falchion of protection
Missiles
 d - 13 poisoned darts
 e - 3 curare-tipped darts
Armour
 c - the cursed +0 cloak of Supernal Understanding (worn) {Melee, Range}

   It has a curse which improves the following skills: Melee Combat: Short
   Blades, Long Blades, Axes, Maces & Flails, Polearms, Staves and Unarmed
   Combat.
   Ranged Combat: Ranged Weapons and Throwing.
 k - a +0 ring mail (worn)
Jewellery
 h - the cursed ring of Desmomancy (left grasper) {Will+, Dev, Range}
   (You found it on level 1 of the Dungeon)

   [ring of willpower]

   Will+:     It increases your willpower.
   It has a curse which improves the following skills: Devices: Evocations and
   Shapeshifting.
   Ranged Combat: Ranged Weapons and Throwing.
 s - a +4 ring of protection
Wands
 b - a wand of flame (14)
Scrolls
 l - 5 scrolls of identify
 m - a scroll of blinking
 p - a scroll of poison
 r - a scroll of enchant armour
Potions
 f - a potion of magic
 g - a potion of degeneration
 i - 3 potions of heal wounds
 o - a potion of curing
 q - a potion of might


   Skills:
 + Level 4.1 Fighting
 - Level 6.4(7.2) Short Blades
 - Level 1.7(2.6) Throwing
 + Level 3.3 Dodging
 - Level 3.2 Stealth
 + Level 4.6(5.3) Evocations


You had 7 spell levels left.
You didn't know any spells.
Your spell library contained the following spells:

 Spells                   Type           Power      Damage    Failure   Level
 Dazzling Flash           Conj/Hex       0%         N/A       94%         3
 Summon Ice Beast         Ice/Summ       0%         N/A       94%         3
 Volatile Blastmotes      Fire/Tloc      0%         2d10      94%         3
 Summon Mana Viper        Hex/Summ       0%         N/A       100%        5
 Starburst                Conj/Fire      0%         6d3       100%        6
 Monstrous Menagerie      Summ           0%         N/A       100%        7
 Maxwell's Capacitive Co  Air            0%         ∞         100%        8


Dungeon Overview and Level Annotations

Branches:
Dungeon (5/15)             Temple (0/1) D:4

Altars:
Ashenzari
Ru
Vehumet

Annotations:
D:5 Dowan


Innate Abilities, Weirdness & Mutations

You can wield a second weapon in your off-hand.
It takes a long time for you to wield or remove held weapons.
Your first few attacks do less damage.
Attacking and casting redirects power from your legs.


Message History

The gnoll hits you from afar with a +0 spear.
* * * LOW HITPOINT WARNING * * *
Aiming: Throw Flame
Press: ? - help, Shift-Dir - straight line, f/p - gnoll
Aim: a gnoll, wielding a +2 spear of venom (severely wounded, 77% to hit)
The puff of flame hits the gnoll!
You kill the gnoll!
* * * LOW HITPOINT WARNING * * *
You feel very sick.
Dowan gestures wildly while chanting.
Dowan blinks!
The gnoll hits you but does no damage. Dowan hits you but does no damage.
You feel better. Dowan hits you with a +0 dagger.
* * * LOW HITPOINT WARNING * * *
The gnoll barely misses you.
You hit Dowan with your +3 dagger.
Dowan is lightly wounded.
You closely miss Dowan with your +1 dagger of venom.
You are no longer glowing.
Dowan barely misses you.
The gnoll hits you from afar with a +0 spear.
* * * LOW HITPOINT WARNING * * *
You barely miss Dowan with your +1 dagger of venom.
Dowan is lightly wounded.
You hit Dowan with your +3 dagger. Dowan misses you.
Unknown command.
You hit Dowan but do no damage.
Dowan is poisoned.
Dowan is moderately wounded.
You hit Dowan with your +3 dagger. Dowan hits you with a +0 dagger.
* * * LOW HITPOINT WARNING * * *
The gnoll hits you but does no damage.
Unknown command.
You hit Dowan with your +1 dagger of venom.
Dowan looks as sick as possible!
Dowan is severely wounded.
You hit Dowan with your +3 dagger.
Dowan mumbles some strange words.
Dowan blinks!
The gnoll hits you from afar with a +0 spear.
You die...

..........#
#$.....e..#
####......##
####....#
####.###
#...##
#)g..#
#)#....#
#@###....#
##§# ##...
#### #..# ..
#..## #e.# .
##...#
#.#.......
#....##
#.##......
#.)...## #.#
......
#......# #.#
.....
#......###.#
.....


You could see Dowan (fast, extremely poisoned) and a gnoll.

Vanquished Creatures
  Duvessa (D:5)
  2 black bears
  A centaur (D:5)
  A bullfrog (D:5)
  2 scorpions
  2 jellies
  2 bombardier beetles (D:4)
  An orc priest (D:4)
  3 orc wizards (D:4)
  Robin (D:2)
  7 adders
  2 gnolls (D:5)
  2 ribbon worms
  2 dart slugs (D:1)
  9 orcs (D:4)
  3 ball pythons (D:1)
  5 bats
  6 endoplasms
  3 giant cockroaches (D:1)
  14 goblins
  10 hobgoblins
  8 jackals
  3 quokkas
  4 kobolds
  6 rats
100 creatures vanquished.

Notes
Turn   | Place    | Note
-------+----------+-------------------------------------------
     0 | D:1      | lunkers the Coglin Brigand began the quest for the Orb.
     0 | D:1      | Reached XP level 1. HP: 16/16 MP: 1/1
    35 | D:1      | Reached skill level 2 in Short Blades
    74 | D:1      | Reached XP level 2. HP: 13/22 MP: 2/2
   469 | D:1      | Reached skill level 3 in Short Blades
   469 | D:1      | Reached XP level 3. HP: 22/27 MP: 3/3
  1105 | D:2      | Noticed Robin
  1107 | D:2      | Reached XP level 4. HP: 33/33 MP: 4/4
  1269 | D:2      | Reached skill level 4 in Short Blades
  1271 | D:2      | HP: 1/33 [goblin/sling bullet[Robin] (3)]
  1278 | D:2      | Killed Robin
  1577 | D:2      | Reached XP level 5. HP: 30/38 MP: 5/5
  2153 | D:3      | Found a radiant altar of Vehumet.
  2165 | D:3      | Found a broken altar of Ashenzari.
  2245 | D:3      | Became a worshipper of Ashenzari the Shackled
  2765 | D:4      | Reached skill level 5 in Short Blades
  2779 | D:4      | Reached XP level 6. HP: 9/44 MP: 6/6
  2943 | D:4      | Reached skill level 6 in Short Blades
  2943 | D:4      | Reached skill level 1 in Dodging
  2949 | D:4      | Upgraded the game from 0.32-a0-422-g28b100f618 to
                  | 0.32-a0-433-g08bcfe7efd
  2949 | D:4      | Found a sacrificial altar of Ru.
  2957 | D:4      | Reached skill level 1 in Evocations
  3205 | D:4      | Reached XP level 7. HP: 51/51 MP: 7/7
  3208 | D:4      | Found a staircase to the Ecumenical Temple.
  3978 | D:5      | Entered Level 5 of the Dungeon
  4086 | D:5      | Reached * piety under Ashenzari
  4494 | D:5      | Reached XP level 8. HP: 43/59 MP: 8/8
  4772 | D:5      | Noticed Dowan
  4773 | D:5      | Noticed Duvessa
  4798 | D:5      | Killed Duvessa
  4810 | D:5      | Slain by a gnoll

Illustrated notes

Levels and vault maps discovered:
D:1:      zelgadis_glass_arrival_small, layout_basic
D:2:      layout_loops_cross, serial_bayou_lagoon_a, minivault_19, uniq_robin
D:3:      layout_loops_ring, mainiacjoe_overflow_large_starburst
D:4:      layout_basic, nicolae_ru_great_annihilating_truth, temple_pool_b
D:5:      layout_cave_pods, uniq_duvessa

Skill      XL: |  1  2  3  4  5  6  7  8 |
---------------+-------------------------+-----
Short Blades   | 2 3 4 5 6 |  6.4
Dodging        | 1 2 3 |  3.3
Evocations     | 2 3 4 |  4.6
Fighting       | 3 4 |  4.1
Throwing       | |  1.7
Stealth        | |  3.2

Action                     |  1- 3 |  4- 6 |  7- 9 || total
---------------------------+-------+-------+-------++-------
  Melee: Dagger            |   114 |   220 |   152 ||   486
  Throw: Dart              |       |     1 |       ||     1
 Invoke: Curse Item        |       |       |     2 ||     2
  Evoke: Wand              |       |     3 |     4 ||     7
    Use: Potion            |       |     2 |     1 ||     3
         Scroll            |       |     3 |       ||     3
   Stab: Sleeping          |     8 |     3 |       ||    11
         Invisible         |       |     1 |       ||     1
         Paralysed         |       |     1 |       ||     1
 Armour: Robe              |    24 |    43 |       ||    67
         Ring mail         |       |    45 |    64 ||   109
  Dodge: Dodged            |    25 |    85 |    37 ||   147

Table legend: (Time is in decaauts)
 A = Elapsed time spent in this place.
 B = Non-inter-level travel time spent in this place.
 C = Inter-level travel time spent in this place.
 D = Time resting spent in this place.
 E = Time spent auto-exploring this place.
 F = Levels seen in this place.
 G = Mean time per level.
                   A        B        C        D        E       F      G
               +--------+--------+--------+--------+--------+-----+--------+
         Total |   4755 |   4518 |    237 |     77 |   3758 |   5 |  951.0 |
       Dungeon |   4755 |   4518 |    237 |     77 |   3758 |   5 |  951.0 |
               +--------+--------+--------+--------+--------+-----+--------+

Top non-repeatable levels by time:
     D:4: 1214 daAuts
     D:2: 1155 daAuts
     D:1: 888 daAuts
     D:5: 814 daAuts
     D:3: 681 daAuts
